 Dungeon Crawl Stone Soup version 0.28.0-43-g3370ac3207 (webtiles) character file.

Game seed: 9503491924591692631

74 pkoi the Shooter (level 4, -8/37 HPs)
             Began as a Minotaur Hunter on Mar 3, 2022.
             Mangled by a gnoll
             ... wielding a +0 flail
              (12 damage)
             ... on level 2 of the Dungeon.
             The game lasted 00:02:00 (2389 turns).

pkoi the Shooter (Minotaur Hunter)                  Turns: 2389, Time: 00:02:00

Health: -8/37      AC:  4    Str: 19    XL:     4   Next: 9%
Magic:  3/3        EV: 11    Int:  8    God:
Gold:   24         SH:  0    Dex: 10    Spells: 3/3 levels left

rFire   . . .      SeeInvis .   b - +0 short sword
rCold   . . .      Faith    .   (no shield)
rNeg    . . .      Spirit   .   c - +0 leather armour
rPois   .          Reflect  .   (helmet restricted)
rElec   .          Harm     .   (no cloak)
rCorr   .          Rampage  .   (no gloves)
Will    .....                   f - +0 pair of boots
Stlth   +.........              (no amulet)
HPRegen 0.12/turn               (no ring)
MPRegen 0.08/turn               (no ring)

@: no status effects
A: horns 2, retaliatory headbutt
a: no special abilities


You were on level 2 of the Dungeon.
You visited 1 branch of the dungeon, and saw 2 of its levels.

You collected 24 gold pieces.

Inventory:

Hand Weapons
 a - a +1 shortbow
 b - a +0 short sword (weapon)
Missiles
 d - 13 arrows
 e - 3 poisoned darts (quivered)
Armour
 c - a +0 leather armour (worn)
 f - a +0 pair of boots (worn)
Scrolls
 g - a scroll of brand weapon {unknown}
 h - a scroll of teleportation {unknown}
 k - a scroll of blinking {unknown}
Potions
 i - a potion of heal wounds {unknown}
 j - a potion of might {unknown}


   Skills:
 - Level 2.4 Fighting
 + Level 6.2 Bows
 - Level 2.1 Dodging
 - Level 0.7 Stealth


You had 3 spell levels left.
You didn't know any spells.
Your spell library contained the following spells:

 Spells                   Type           Power      Damage    Failure   Level
 Summon Guardian Golem    Hex/Summ       0%         N/A       83%         3
 Orb of Destruction       Conj           0%         9d5       100%        7
 Spellforged Servitor     Conj/Summ      0%         N/A       100%        7


Dungeon Overview and Level Annotations

Branches:
Dungeon (2/15)

Altars:


Innate Abilities, Weirdness & Mutations

You have a pair of horns on your head.
You reflexively headbutt those who attack you in melee.


Message History

You hit the quokka.
The quokka is severely wounded.
The quokka closely misses you. You furiously retaliate!
You headbutt the quokka, but do no damage.
The quokka barely misses you.
You hit the quokka.
You kill the quokka!
No reachable target in view!
You see here a quokka corpse.
The golden eye turns its gaze towards you.
d - 13 arrows (gained 1)
Things that are here:
a +0 flail; a gnoll corpse
Found a stone staircase leading down.
You see here 10 gold pieces.
A kobold is nearby!
A kobold is nearby!
You now have 24 gold pieces (gained 10).
The gnoll shouts!
The kobold hits you but does no damage.
You closely miss the kobold.
The kobold hits you with a +0 short sword.
You hit the kobold. You headbutt the kobold.
You kill the kobold!
A quokka comes into view.
You completely miss the gnoll. The gnoll hits you with a +0 flail!
* * * LOW HITPOINT WARNING * * *
You are too injured to fight recklessly!
You are too injured to fight recklessly!
You hit the gnoll but do no damage. You headbutt the gnoll!
The gnoll is almost dead.
The gnoll hits you with a +0 flail!
* * * LOW HITPOINT WARNING * * *
The gnoll hits you with a +0 flail!
* * * LOW HITPOINT WARNING * * *
You hit the gnoll but do no damage.
You headbutt the gnoll, but do no damage.
The gnoll is severely wounded.
The gnoll hits you with a +0 flail!
You die...

...#G#...##
...###...###.#..#
.............#..
......_.......#
............†#
###...###.#.### .#
G#.r.#G#.....##..
...###.g.###.........
......(@...).<........
....#.................
. ##..).............
........#
#.#.#............
........#
#.#.#............
.......#
#.#.............
......#
#.###.........(.
####....# #.#
#........#.. #.......#
#.# ##.##.##.>.


You could see a great orb of eyes, a gnoll, a golden eye and a quokka.

Vanquished Creatures
  Natasha (D:1)
  2 gnolls
  A worm (D:1)
  A bat (D:1)
  4 endoplasms (D:1)
  A giant cockroach (D:1)
  2 goblins (D:1)
  A hobgoblin (D:1)
  2 jackals (D:1)
  4 quokkas
  2 frilled lizards (D:1)
  4 kobolds
  A rat (D:1)
26 creatures vanquished.

Notes
Turn   | Place    | Note
-------+----------+-------------------------------------------
     0 | D:1      | pkoi the Minotaur Hunter began the quest for the Orb.
     0 | D:1      | Reached XP level 1. HP: 18/18 MP: 0/0
   388 | D:1      | Reached XP level 2. HP: 12/25 MP: 1/1
   868 | D:1      | Reached skill level 5 in Bows
  1732 | D:2      | Found a faded altar of an unknown god.
  1734 | D:2      | Noticed Natasha
  1735 | D:2      | Noticed a golden eye
  1981 | D:1      | Killed Natasha
  1982 | D:1      | Reached XP level 3. HP: 20/30 MP: 2/2
  2084 | D:1      | Reached skill level 6 in Bows
  2359 | D:2      | Reached XP level 4. HP: 37/37 MP: 3/3
  2363 | D:2      | Noticed a great orb of eyes
  2386 | D:2      | Noticed a great orb of eyes
  2389 | D:2      | Mangled by a gnoll

Illustrated notes

Levels and vault maps discovered:
D:1:      psy_arrival_dodecagon, layout_basic
D:2:      layout_rooms, hellmonk_ecumenical_altar_watching_god, uniq_jessica,
          uniq_natasha

Skill      XL: |  1  2  3 |
---------------+----------+-----
Bows           | 5 6 |  6.2
Fighting       | |  2.4
Dodging        | |  2.1
Stealth        | |  0.7

Action                   |  1- 3 |  4- 6 || total
-------------------------+-------+-------++-------
Melee: Short sword       |    48 |     8 ||    56
       Headbutt          |     6 |     3 ||     9
       Punch             |     3 |       ||     3
 Fire: Shortbow          |    21 |       ||    21
Armor: Leather armour    |    27 |     1 ||    28
Dodge: Dodged            |    42 |     4 ||    46
